 Dungeon Crawl Stone Soup version 0.29-a0-284-gf9362112df (webtiles) character file.

Game seed: 15522804816752948670

151 BigDaddyOpFi the Chopper (level 5, 0/47 HPs)
             Began as a Hill Orc Monk on Mar 18, 2022.
             Slain by a bullfrog (2 damage)
             ... in a sewer.
             The game lasted 00:03:56 (3637 turns).

BigDaddyOpFi the Chopper (Hill Orc Monk)            Turns: 3637, Time: 00:03:56

Health: 0/47       AC:  7    Str: 16    XL:     5   Next: 33%
Magic:  5/5        EV: 11    Int: 10    God:
Gold:   119        SH:  0    Dex: 13    Spells: 4/4 levels left

rFire   . . .      SeeInvis .   a - +0 hand axe
rCold   . . .      Faith    .   (no shield)
rNeg    + . .      Spirit   .   d - +2 ring mail "Xiubody" {rN+ Will++}
rPois   .          Reflect  .   (no helmet)
rElec   .          Harm     .   (no cloak)
rCorr   .          Rampage  .   (no gloves)
Will    ++...                   (no boots)
Stlth   +.........              (no amulet)
HPRegen 0.15/turn               (no ring)
MPRegen 0.09/turn               (no ring)

@: attractive, very slow
A: no striking features
a: no special abilities


You were in a sewer.
You visited 1 branch of the dungeon, and saw 3 of its levels.
You also visited: Sewer.

You collected 119 gold pieces.

Inventory:

Hand Weapons
 a - a +0 hand axe (weapon)
Armour
 d - the +2 ring mail "Xiubody" (worn) {rN+ Will++}
   (You found it on level 3 of the Dungeon)

   rN:        It protects you from negative energy.
   Will:      It greatly increases your willpower.
 e - a +0 ring mail
 i - a +2 robe of resistance
Potions
 h - a potion of mutation {unknown}
 j - a potion of flight {unknown}


   Skills:
 + Level 4.6 Fighting
 * Level 6.2 Axes
 + Level 2.3 Armour
 - Level 2.4 Dodging
 - Level 1.5 Stealth


You had 4 spell levels left.
You didn't know any spells.
Your spell library was empty.

Dungeon Overview and Level Annotations

Branches:
Dungeon (3/15)              Sewer (1/1)

Altars:


Message History

You barely miss the bullfrog.
You punch the bullfrog, but do no damage.
The bullfrog is almost dead.
You hit the bullfrog. The bullfrog hits you! The bullfrog hits you. x2
You barely miss the bullfrog.
The bullfrog is almost dead.
You barely miss the bullfrog. The bullfrog hits you.
The bullfrog closely misses you.
The bullfrog hits you but does no damage.
You are too injured to fight recklessly!
You are too injured to fight recklessly!
You are too injured to fight recklessly!
You are too injured to fight recklessly!
You are too injured to fight recklessly!
You hit the bullfrog.
The bullfrog is almost dead.
You hit the bullfrog. The bullfrog closely misses you.
The bullfrog hits you. x2
* * * LOW HITPOINT WARNING * * *
Your unstable footing causes you to fumble your attack.
The bullfrog hits you.
* * * LOW HITPOINT WARNING * * *
The bullfrog hits you.
* * * LOW HITPOINT WARNING * * *
The bullfrog closely misses you.
It was a potion of attraction.
You feel attractive to monsters. The bullfrog hits you.
* * * LOW HITPOINT WARNING * * *
The bullfrog hits you but does no damage. x2
Blink to where?
Press: ? - help, Dir - move target Splash!
As you read the scroll of blinking, it crumbles to dust.
The bullfrog is attracted toward you. x2
Your unstable footing causes you to fumble your attack.
Your unstable footing causes you to fumble your attack.
The bullfrog closely misses you.
The bullfrog hits you but does no damage.
The bullfrog hits you.
You die...

#≈≈#≈###÷÷#≈≈≈≈≈≈≈#..##≈≈#
#≈.#.#≈.÷##≈≈≈≈≈≈≈##≈≈#≈≈#
#≈≈#≈#∩≈≈#≈≈≈≈≈≈≈≈≈#≈≈#≈≈#
#≈≈#≈#≈≈≈#≈.≈≈≈.≈≈≈#≈.#≈≈#
#≈≈#≈##≈≈#≈≈≈§./≈≈≈#≈.#≈≈#
#..#.≈#≈.#≈≈≈.?).≈≈#≈.#≈≈#
#≈†#.≈#≈.#†≈≈.[?.≈≈#†≈#≈≈#
#≈≈≈≈≈#..##F.≈|.≈≈##≈≈#≈≈#
#≈.≈≈≈#.≈≈@F≈≈.≈≈≈#≈≈##≈.#
#≈≈≈≈≈###÷.≈≈≈≈≈≈##.≈#≈†≈#
#######≈###.≈≈≈≈##≈≈≈#≈≈##
#≈≈≈≈.#######≈≈.##≈≈#
#≈≈≈≈≈≈≈≈†≈≈≈≈≈≈#.≈≈#
##≈≈##≈.≈≈≈≈≈..##≈≈##
##≈≈##.≈≈≈≈≈≈##≈≈≈#
#≈..###≈≈.###≈≈≈≈#
#≈≈≈≈≈#####≈≈.≈≈##


You could see 2 bullfrogs.

Vanquished Creatures
  4 adders
  2 river rats (D:3)
  2 dart slugs (D:1)
  14 endoplasms
  10 giant cockroaches
  5 goblins (D:1)
  2 hobgoblins (D:1)
  10 quokkas
  13 ball pythons
  7 bats
  12 frilled lizards
  2 kobolds
  4 rats
87 creatures vanquished.

Notes
Turn   | Place    | Note
-------+----------+-------------------------------------------
     0 | D:1      | BigDaddyOpFi the Hill Orc Monk began the quest for the Orb.
     0 | D:1      | Reached XP level 1. HP: 19/19 MP: 1/1
   266 | D:1      | Reached XP level 2. HP: 27/27 MP: 2/2
   472 | D:1      | Reached skill level 1 in Armour
   537 | D:1      | Reached XP level 3. HP: 24/33 MP: 3/3
   719 | D:1      | Found a faded altar of an unknown god.
  1130 | D:2      | Reached skill level 5 in Axes
  1330 | D:2      | Reached XP level 4. HP: 30/40 MP: 4/4
  1778 | D:3      | Identified the +2 ring mail "Xiubody" {rN+ Will++}
  1884 | D:3      | Found a glowing drain.
  1923 | Sewer    | Entered a sewer
  2715 | Sewer    | Reached XP level 5. HP: 27/47 MP: 5/5
  3031 | Sewer    | Reached skill level 6 in Axes
  3634 | Sewer    | HP: 2/47 [bullfrog (1)]
  3637 | Sewer    | Slain by a bullfrog

Illustrated notes

Levels and vault maps discovered:
D:1:      dpeg_arrival_water_temple_mockup, layout_basic,
          ebering_ecumenical_altar_petrified
D:2:      layout_basic
D:3:      layout_basic, portal_sewer_entry_a, grunt_decor_junction,
          minmay_misc_feat_room
Sewer:    sewer_frog_island_02

Skill      XL: |  1  2  3  4  5 |
---------------+----------------+-----
Armour         | 1 2 |  2.3
Fighting       | 4 |  4.6
Axes           | 5 6 |  6.2
Dodging        | |  2.4
Stealth        | |  1.5

Action                   |  1- 3 |  4- 6 || total
-------------------------+-------+-------++-------
Melee: Hand axe          |    98 |   239 ||   337
       Punch             |       |     4 ||     4
  Use: Scroll            |       |     5 ||     5
       Potion            |       |     3 ||     3
Armor: Ring mail         |    28 |   121 ||   149
Dodge: Dodged            |    53 |   197 ||   250

Table legend: (Time is in decaauts)
 A = Elapsed time spent in this place.
 B = Non-inter-level travel time spent in this place.
 C = Inter-level travel time spent in this place.
 D = Time resting spent in this place.
 E = Time spent auto-exploring this place.
 F = Levels seen in this place.
 G = Mean time per level.
                   A        B        C        D        E       F      G
               +--------+--------+--------+--------+--------+-----+--------+
         Total |   3719 |   3684 |     35 |    746 |   2224 |   4 |  929.8 |
       Dungeon |   1931 |   1896 |     35 |      0 |   1519 |   3 |  643.7 |
         Sewer |   1788 |   1788 |      0 |    746 |    705 |   1 | 1788.0 |
               +--------+--------+--------+--------+--------+-----+--------+

Top non-repeatable levels by time:
   Sewer: 1788 daAuts
     D:1: 959 daAuts
     D:2: 823 daAuts
     D:3: 149 daAuts
